 Dungeon Crawl Stone Soup version 0.28-a0-1524-ge72afd5fc6 (webtiles) character file.

Game seed: 10204709696629972251

147 bastard the Twirler (level 5, 0/38 HPs)
             Began as a Djinni Gladiator on Jan 17, 2022.
             Slain by Crazy Yiuf (1 damage)
             ... on level 3 of the Dungeon.
             The game lasted 00:04:52 (3794 turns).

bastard the Twirler (Djinni Gladiator)              Turns: 3794, Time: 00:04:52

Health: 0/38       AC:  4    Str: 19    XL:     5   Next: 54%
Gold:   109        EV: 18    Int: 10    God:
                   SH:  0    Dex: 16

rFire   + + .      SeeInvis .   a - +0 quarterstaff
rCold   x . .      Faith    .   (shield currently unavailable)
rNeg    . . .      Spirit   .   b - +0 leather armour
rPois   ∞          Reflect  .   c - +0 helmet
rElec   .          Harm     .   (no cloak)
rCorr   .          Rampage  .   (no gloves)
Will    .....                   (boots unavailable)
Stlth   +.........              (no amulet)
HPRegen 0.12/turn               i - +6 ring of strength
MPRegen 0.00/turn               (no ring)

@: agile, flying
A: sickness immunity, fire resistance 2, cold vulnerability 1, float, innate
caster, hp casting, extra vitality 1
a: no special abilities


You were on level 3 of the Dungeon.
You visited 1 branch of the dungeon, and saw 3 of its levels.

You collected 109 gold pieces.

Inventory:

Hand Weapons
 a - a +0 quarterstaff (weapon)
Missiles
 d - 2 throwing nets (quivered)
Armour
 b - a +0 leather armour (worn)
 c - a +0 helmet (worn)
Magical Staves
 e - a staff of poison
Jewellery
 i - a +6 ring of strength (left hand)
Potions
 h - a potion of attraction {unknown}
 j - a potion of heal wounds {unknown}


   Skills:
 - Level 2.0 Fighting
 + Level 5.3 Staves
 - Level 1.5 Throwing
 - Level 3.2 Dodging


You had one spell level left.
You knew the following spells:

 Your Spells              Type           Power      Damage    Failure   Level
a - Pain                  Necr           0%         1d4       41%         1
b - Wereblood             Tmut           0%         N/A       56%         2
Your spell library was empty.

Dungeon Overview and Level Annotations

Branches:
Dungeon (3/15)

Altars:

Shops:
D:1 (

Annotations:
D:3 Crazy Yiuf


Innate Abilities, Weirdness & Mutations

You are immune to sickness and miasma.
You are immune to poison.
Your flesh is very heat resistant. (rF++)
You are vulnerable to cold. (rC-)
You float through the air rather than walking.
You learn spells naturally, not from books.
Your magical power is your life essence.
You have superior vitality. (+4 MHP)


Message History

Found a mace.
Crazy Yiuf shouts!
Crazy Yiuf says, "Crazy?
Crazy!?
PORCUPINE!"
You see here a +0 mace.
Found a mace.
You reach down and open the door.
Crazy Yiuf drinks a potion.
Crazy Yiuf flickers and vanishes!
Deactivating autopickup; reactivate with Ctrl-A.
Throw: 3 throwing nets
Press: ? - help, Q - select action, (/) - cycle Shift-Dir - straight line, f - you Really target yourself? [Y]es or [N]o only, please.
Really target yourself? [Y]es or [N]o only, please.
Really target yourself?
Okay, then.
Throw: 3 throwing nets
Press: ? - help, Q - select action, (/) - cycle Shift-Dir - straight line You throw a throwing net.
You hit something. Something hits you!
You feel agile all of a sudden.
You barely miss something. Something hits you! Something freezes you.
You hit something. Something hits you!
* * * LOW HITPOINT WARNING * * *
Something closely misses you.
You feel better. Something barely misses you.
You hit something. Something hits you!
* * * LOW HITPOINT WARNING * * *
Something freezes you.
* * * LOW HITPOINT WARNING * * *
You feel better. Something barely misses you.
You thump something! Something barely misses you.
You miss something. Something hits you!
* * * LOW HITPOINT WARNING * * *
Something tries to affect you, but you resist.
You barely miss something. Something closely misses you.
You closely miss something. Something hits you.
* * * LOW HITPOINT WARNING * * *
Something burns you.
You die...

###♣♣♣♣♣
##....♣)♣♣♣ ###
##......♣.)♣#.).#
#......♣♣♣♣@{.)(#
#.....♣♣ ♣♣#..)#
#..##♣♣ ### ##.#
#.# #.# ###
######## #.# #.#
#......# #.#
######.#####.####.#
#.# ##............#
#.#


There were no monsters in sight!

Vanquished Creatures
  2 orc priests (D:3)
  An adder (D:3)
  A gnoll (D:1)
  A worm (D:2)
  9 orcs (D:3)
  6 bats
  3 endoplasms (D:1)
  4 giant cockroaches
  8 hobgoblins
  A quokka (D:1)
  6 ball pythons
  4 frilled lizards
  3 goblins
  5 kobolds
  4 rats
58 creatures vanquished.

Notes
Turn   | Place    | Note
-------+----------+-------------------------------------------
     0 | D:1      | bastard the Djinni Gladiator began the quest for the Orb.
     0 | D:1      | Reached XP level 1. HP: 18/18 MP: 0/0
   155 | D:1      | Found Arhuoh's Antique Weapon Emporium.
   242 | D:1      | Reached skill level 3 in Staves
   257 | D:1      | Reached XP level 2. HP: 19/23 MP: 0/0
   424 | D:1      | Found a faded altar of an unknown god.
   941 | D:1      | Reached XP level 3. HP: 25/28 MP: 0/0
   941 | D:1      | Learned a level 1 spell: Pain
  1597 | D:2      | Reached skill level 4 in Staves
  2135 | D:2      | Reached XP level 4. HP: 26/33 MP: 0/0
  2827 | D:3      | Reached XP level 5. HP: 14/38 MP: 0/0
  2827 | D:3      | Learned a level 2 spell: Wereblood
  3060 | D:3      | Reached skill level 5 in Staves
  3779 | D:3      | Found a runed translucent door.
  3780 | D:3      | Noticed Crazy Yiuf
  3794 | D:3      | HP: 1/38 [something (6)]
  3794 | D:3      | Slain by Crazy Yiuf

Illustrated notes

Levels and vault maps discovered:
D:1:      lightli_arrival_maybe_door_vault, layout_basic,
          hellmonk_ecumenical_altar_slurped_away, serial_shops,
          nicolae_shop_trees
D:2:      layout_loops_ring, minmay_misc_feat_roman
D:3:      layout_loops_ring, hangedman_abyss_or_decor_stabs,
          roderic_roman_lattice, hex_large, uniq_crazy_yiuf_cottage

Skill      XL: |  1  2  3  4  5 |
---------------+----------------+-----
Staves         | 3 4 5 |  5.3
Fighting       | |  2.0
Throwing       | |  1.5
Dodging        | |  3.2

Action                   |  1- 3 |  4- 6 || total
-------------------------+-------+-------++-------
Melee: Quarterstaff      |    91 |    77 ||   168
Throw: Throwing net      |       |     1 ||     1
  Use: Scroll            |     4 |     1 ||     5
       Potion            |       |     2 ||     2
 Stab: Sleeping          |     3 |       ||     3
Armor: Leather armour    |    36 |    17 ||    53
Dodge: Dodged            |    79 |    63 ||   142

Table legend: (Time is in decaauts)
 A = Elapsed time spent in this place.
 B = Non-inter-level travel time spent in this place.
 C = Inter-level travel time spent in this place.
 D = Time resting spent in this place.
 E = Time spent auto-exploring this place.
 F = Levels seen in this place.
 G = Mean time per level.
                   A        B        C        D        E       F      G
               +--------+--------+--------+--------+--------+-----+--------+
         Total |   3807 |   3755 |     52 |      0 |   3264 |   3 | 1269.0 |
       Dungeon |   3807 |   3755 |     52 |      0 |   3264 |   3 | 1269.0 |
               +--------+--------+--------+--------+--------+-----+--------+

Top non-repeatable levels by time:
     D:1: 1549 daAuts
     D:3: 1159 daAuts
     D:2: 1098 daAuts
